 Dungeon Crawl Stone Soup version 0.28.0 (webtiles) character file.

Game seed: 5703039330658512400

12577 Morbidden the Cleaver (level 11, -1/84 HPs)
             Began as a Demonspawn Fighter on Feb 8, 2022.
             Was a Follower of Yredelemnul.
             Slain by a salamander (15 damage)
             ... in a volcano.
             The game lasted 00:22:43 (13571 turns).

Morbidden the Cleaver (Demonspawn Fighter)         Turns: 13571, Time: 00:22:43

Health: -1/84      AC: 15    Str: 21    XL:     11   Next: 64%
Magic:  17/17      EV: 14    Int:  9    God:    Yredelemnul [*.....]
Gold:   882        SH: 18    Dex: 13    Spells: 10/10 levels left

rFire   + . .      SeeInvis .   a - +1 war axe (flame)
rCold   . . .      Faith    .   c - +0 buckler
rNeg    + . .      Spirit   .   e - +0 chain mail
rPois   .          Reflect  +   l - +1 helmet
rElec   .          Harm     .   n - +2 cloak
rCorr   .          Rampage  .   (no gloves)
Will    .....                   (no boots)
Stlth   ..........              w - amulet of reflection
HPRegen 0.24/turn               b - ring of protection from fire
MPRegen 0.15/turn               t - ring of positive energy

@: mighty, agile
A: large bone plates 3, powered by pain 2, weakness stinger 1
a: Renounce Religion, Recall Undead Harvest


You were in a volcano.
You worshipped Yredelemnul.
Yredelemnul was aware of your devotion.
You visited 3 branches of the dungeon, and saw 13 of its levels.
You also visited: Ossuary and Volcano.

You collected 882 gold pieces.

Inventory:

Hand Weapons
 a - a +1 war axe of flaming (weapon)
 I - a +0 morningstar
 Q - the +7 hand axe "Xekhluxi" {antimagic, rN+}
   (You found it on level 9 of the Dungeon)

   It reduces the magical energy of the wielder, and disrupts the spells and
   magical abilities of those it strikes.
   Natural abilities and divine invocations are not affected.
   rN:        It protects you from negative energy.
Missiles
 u - 5 curare-tipped darts
 x - 20 poisoned darts
 H - 12 boomerangs (quivered)
 P - a throwing net
 S - 6 javelins
Armour
 c - a +0 buckler (worn)
 e - a +0 chain mail (worn)
 l - a +1 helmet (worn)
 n - a +2 cloak (worn)
Jewellery
 b - a ring of protection from fire (left hand)
 t - a ring of positive energy (right hand)
 w - an amulet of reflection (around neck)
Wands
 v - a wand of flame (16)
 y - a wand of iceblast (7)
 K - a wand of polymorph (10)
 M - a wand of mindburst (7)
 N - a wand of digging (6)
 U - a wand of paralysis (5)
Scrolls
 i - 5 scrolls of teleportation
 k - 3 scrolls of identify
 m - 4 scrolls of enchant weapon
 o - a scroll of immolation {unknown}
 p - 6 scrolls of blinking
 q - a scroll of enchant armour
 s - 2 scrolls of vulnerability
 C - a scroll of fog
 D - a scroll of summoning {unknown}
 F - a scroll of silence {unknown}
 J - a scroll of noise
 L - a scroll of brand weapon
 O - a scroll of fear {unknown}
 T - a scroll of torment {unknown}
Potions
 d - a potion of might
 f - a potion of attraction {unknown}
 g - 2 potions of heal wounds
 h - 4 potions of curing
 j - 3 potions of brilliance
 r - a potion of lignification
 z - 3 potions of cancellation {unknown}
 A - 3 potions of degeneration {unknown}
 B - 2 potions of flight {unknown}
 E - 2 potions of invisibility {unknown}
 G - 3 potions of haste {unknown}
 R - 3 potions of mutation {unknown}
 V - a potion of ambrosia {unknown}


   Skills:
 * Level 7.1 Fighting
 * Level 11.1 Axes
 + Level 0.4 Throwing
 + Level 5.9 Armour
 * Level 5.9 Dodging
 + Level 1.2 Stealth
 + Level 6.6 Shields
 * Level 8.9 Invocations
 + Level 0.3 Evocations


You had 10 spell levels left.
You didn't know any spells.
Your spell library contained the following spells:

 Spells                   Type           Power      Damage    Failure   Level
 Ensorcelled Hibernation  Hex/Ice        0%         N/A       99%         2
 Static Discharge         Conj/Air       0%         N/A       99%         2
 Gell's Gravitas          Tloc           0%         N/A       100%        3
 Lesser Beckoning         Tloc           0%         N/A       100%        3
 Portal Projectile        Hex/Tloc       0%         N/A       100%        3
 Spider Form              Tmut/Pois      0%         N/A       100%        3
 Teleport Other           Tloc           0%         N/A       100%        3
 Tukima's Dance           Hex            0%         N/A       100%        3
 Anguish                  Hex/Necr       0%         N/A       100%        4
 Blade Hands              Tmut           0%         N/A       100%        5
 Excruciating Wounds      Necr           0%         N/A       100%        5
 Lightning Bolt           Conj/Air       0%         1d11      100%        5
 Enfeeble                 Hex            0%         N/A       100%        7
 Maxwell's Capacitive Co  Air            0%         ∞         100%        8


Dungeon Overview and Level Annotations

Branches:
Dungeon (11/15)            Temple (1/1) D:5            Lair (1/6) D:8
Ossuary (visited)         Volcano (1/1)
    Orc: D:9-12

Altars:
Dithmenos
Fedhas
Okawaru
Ru
Trog
Wu Jian
Yredelemnul

Shops:
D:5 [   D:7 =

Annotations:
D:3 2 transporters, grizmgrazm2's ghost, amateur DEVM


Innate Abilities, Weirdness & Mutations

You are completely covered in large bone plates. (SH +8)
You sometimes gain power by taking damage.
You have a small tail.


Message History

You feel very mighty all of a sudden. You block the salamander's attack.
The hell hog barely misses you.
Unknown command.
You slice the hell hog!!
The hell hog is heavily wounded.
The salamander hits you from afar with a +0 glaive!
You focus on the pain.
You feel mightier all of a sudden.
You are engulfed in flames.
You resist. You block the hell hog's attack.
Unknown command.
You closely miss the hell hog. You tail-slap the hell hog!
The hell hog is severely wounded.
The hell hog bites you! You block the salamander's attack.
You block the hell hog's attack.
Unknown command.
You barely miss the hell hog.
The hell hog is severely wounded.
The salamander hits you from afar with a +0 glaive!
You focus on the pain.
You feel agile all of a sudden.
You are engulfed in flames!
You resist.
The hell hog bites you but does no damage.
You slash the hell hog!
The hell hog is almost dead.
The hell hog misses you. You block the salamander's attack.
The hell hog breathes fire at you.
The fireball explodes!
The fireball engulfs you! You resist.
* * * LOW HITPOINT WARNING * * *
The fireball engulfs the hell hog.
The hell hog completely resists.
You slash the hell hog!
You kill the hell hog!
A black mist starts to gather...
You block the salamander's attack.
The centaur shoots an arrow.
The arrow hits you.
* * * LOW HITPOINT WARNING * * *
Unknown command.
Unknown command.
Unknown command.
The salamander hits you with a +0 glaive!
You die...
Your body rises from the dead as a mindless zombie.

≈#§#≈#§#≈§≈#≈§≈#≈≈≈#§#§#≈
§§≈≈≈≈§§§≈#§§≈#≈≈≈#≈≈≈#≈≈
≈§≈≈§≈§§§§§≈§≈≈≈≈≈≈§≈≈≈≈≈
≈§§§≈≈≈§≈§§§≈§≈≈≈≈§≈≈≈≈≈≈
≈≈≈≈§§§≈≈§≈§§≈≈≈≈≈§≈≈§§≈≈
≈§≈§§§§≈.§≈≈.≈§≈.≈§§≈≈≈≈≈
≈.≈≈.≈≈≈.≈.§.≈≈.≈..§≈≈≈≈≈
.......N@...........#
#...##Z##...#####...####
# #.) ##.##...##).##.##
#... #.#.....#).#.#∩#
#... #.#.....#..#.#∩#
##.. ##.##(..##..#'###
#####...##'##....##
................##
≈≈.≈≈≈..≈.≈≈≈≈≈.≈≈≈≈≈


You could see a salamander and a friendly hell hog zombie.

Vanquished Creatures
  A two-headed ogre (Volcano)
  A hell hog (Volcano)
  Pikel (D:5)
  A centaur zombie (D:10)
  2 cyclopes
  A salamander (Volcano)
  Joseph (D:10)
  A kobold demonologist (D:11)
  An unseen horror (D:11)
  A troll (D:9)
  A meliai zombie (D:11)
  A vampire (D:11)
  A basilisk (Lair:1)
  A fire bat (Volcano)
  A steam dragon (D:10)
  4 vampire mosquitoes (D:6)
  Menkaure (D:5)
  A water moccasin (Lair:1)
  A hell hound (Volcano)
  2 ice beasts
  A black bear (D:5)
  2 orc warriors
  3 ogres
  4 centaurs
  2 phantoms (D:6)
  3 kobold brigands (D:11)
  2 elf zombies (Ossuary)
  2 bullfrogs
  2 scorpions
  2 water moccasin skeletons
  10 wights
  4 howler monkeys
  A centaur skeleton (D:6)
  4 orc priests
  A hound (D:4)
  A bullfrog skeleton (D:5)
  2 iguanas (D:5)
  11 orc wizards
  2 hell rats (D:8)
  A scorpion zombie (D:5)
  2 hound skeletons
  3 mummies (Ossuary)
  A howler monkey zombie (D:9)
  A gnoll (D:5)
  A howler monkey skeleton (D:3)
  A river rat (D:8)
  2 white imps
  2 ufetubi
  An adder zombie (Ossuary)
  A dart slug (D:2)
  35 orcs
  6 endoplasms
  4 giant cockroaches
  A gnoll zombie (Ossuary)
  4 hobgoblins
  6 jackals (D:1)
  5 kobolds
  A quokka (D:8)
  8 ball pythons
  6 bats
  3 frilled lizards
  8 goblins
  4 goblin zombies (Ossuary)
  2 hobgoblin zombies (Ossuary)
  2 kobold zombies (Ossuary)
  4 quokka zombies (Ossuary)
  12 rats
  2 rat zombies (Ossuary)
213 creatures vanquished.

Vanquished Creatures (collateral kills)
  3 death yaks (D:8)
  The ghost of asishallab the Blocker, a novice DrFi of Sif Muna (D:8)
  Psyche (D:9)
  2 wyverns
  3 orc warriors
  An ice beast (D:8)
  2 sky beasts (D:5)
  A hornet zombie (D:8)
  A black bear (D:6)
  A human zombie (D:9)
  3 wights (D:8)
  2 centaur zombies
  A hound (D:6)
  A bullfrog skeleton (D:7)
  A gnoll shaman (D:5)
  2 orc wizards (D:8)
  2 gnolls (D:5)
  An adder (D:3)
  An ufetubus (D:6)
  A dart slug (D:2)
  9 orcs
  2 bats
  A hobgoblin (D:2)
  A quokka (D:2)
  A ball python (D:2)
  A rat (D:1)
46 creatures vanquished.

Vanquished Creatures (others)
  3 vampire mosquito zombies (D:6)
  A wyvern zombie (D:8)
  A spectral ice beast (D:8)
  A centaur zombie (Volcano)
  A kobold zombie (D:5)
  A hell rat zombie (D:8)
  A howler monkey zombie (D:4)
  A spectral white imp (D:6)
  A bat zombie (D:3)
  2 gnoll zombies (D:5)
  A frilled lizard zombie (D:3)
  A hobgoblin zombie (D:2)
  10 orc zombies
  A rat zombie (D:3)
  A spectral ufetubus (D:6)
  6 plants (D:3)
33 creatures vanquished.

Grand Total: 292 creatures vanquished

Notes
Turn   | Place    | Note
-------+----------+-------------------------------------------
     0 | D:1      | Morbidden the Demonspawn Fighter began the quest for the
                  | Orb.
     0 | D:1      | Reached XP level 1. HP: 18/18 MP: 1/1
   202 | D:1      | Gained mutation: You sometimes gain a little power by
                  | taking damage. [demonic ancestry]
   202 | D:1      | Reached XP level 2. HP: 24/24 MP: 2/2
   219 | D:1      | Found a faded altar of an unknown god.
   256 | D:1      | Prayed at the altar of an unknown god.
   256 | D:1      | Became a worshipper of Yredelemnul the Dark
   256 | D:1      | Reached * piety under Yredelemnul
   388 | D:1      | Reached skill level 2 in Axes
  1106 | D:2      | Reached skill level 1 in Dodging
  1106 | D:2      | Gained mutation: You are partially covered in large bone
                  | plates. (SH +4) [demonic ancestry]
  1106 | D:2      | Reached XP level 3. HP: 29/29 MP: 3/3
  1453 | D:2      | Reached skill level 1 in Invocations
  1806 | D:2      | Reached ** piety under Yredelemnul
  2201 | D:3      | Reached XP level 4. HP: 35/35 MP: 4/4
  2258 | D:3      | Found a transporter.
  2263 | D:3      | Found a transporter.
  2404 | D:3      | Found a sacrificial altar of Ru.
  3182 | D:3      | Reached skill level 3 in Axes
  3222 | D:3      | Noticed grizmgrazm2's ghost (amateur DEVM)
  3222 | D:3      | Identified the +12 halberd of the Spider {venom, rElec
                  | Str+4}
  3307 | D:4      | Gained mutation: You are mostly covered in large bone
                  | plates. (SH +6) [demonic ancestry]
  3307 | D:4      | Reached XP level 5. HP: 30/41 MP: 6/6
  3410 | D:4      | Found an iron altar of Okawaru.
  4256 | D:4      | Found a bloodstained altar of Trog.
  4379 | D:4      | Found a blossoming altar of Fedhas.
  4589 | D:4      | Reached skill level 4 in Axes
  4589 | D:4      | Gained mutation: You have a small tail. [demonic ancestry]
  4589 | D:4      | Reached XP level 6. HP: 48/48 MP: 7/7
  4656 | D:4      | Noticed an ice beast
  4671 | D:4      | Killed an ice beast
  5107 | D:5      | Entered Level 5 of the Dungeon
  5327 | D:5      | Noticed Pikel
  5355 | D:5      | Killed Pikel
  5356 | D:5      | Reached skill level 5 in Axes
  5356 | D:5      | Reached XP level 7. HP: 24/54 MP: 8/10
  5615 | D:5      | Gained mutation: You are completely covered in large bone
                  | plates. (SH +8) [demonic ancestry]
  5615 | D:5      | Reached XP level 8. HP: 55/60 MP: 11/11
  5631 | D:5      | Reached skill level 5 in Invocations
  5642 | D:5      | Reached skill level 6 in Axes
  5856 | D:5      | Your ally Pikel died
  6162 | D:5      | Noticed Menkaure
  6171 | D:5      | Killed Menkaure
  6421 | D:5      | Found Yschoej's Antique Armour Boutique.
  6751 | D:5      | Found a staircase to the Ecumenical Temple.
  6947 | D:5      | Reached skill level 7 in Axes
  7050 | Temple   | Entered the Ecumenical Temple
  7116 | D:6      | Reached XP level 9. HP: 28/67 MP: 13/13
  7123 | D:6      | Reached skill level 5 in Fighting
  7236 | D:6      | Reached skill level 8 in Axes
  7238 | D:6      | Found a sand-covered staircase.
  7244 | Ossuary  | Entered an ossuary
  8446 | D:7      | Noticed a cyclops
  8454 | D:7      | Reached skill level 5 in Shields
  8471 | D:7      | Killed a cyclops
  8599 | D:7      | Gained mutation: You sometimes gain power by taking damage.
                  | [demonic ancestry]
  8599 | D:7      | Reached XP level 10. HP: 67/76 MP: 15/15
  8691 | D:7      | Found an ornate altar of the Wu Jian Council.
  8755 | D:7      | Found Wawud's Jewellery Shoppe.
  9197 | D:8      | Found a staircase to the Lair.
  9234 | D:8      | Reached skill level 9 in Axes
  9324 | D:8      | HP: 2/76 [something/puff of flame (5)]
  9782 | D:8      | Reached skill level 1 in Stealth
  9798 | D:8      | Found a runed translucent door.
 10024 | D:8      | Noticed a death yak
 10025 | D:8      | Noticed a death yak
 10026 | D:8      | Noticed a death yak
 10029 | D:8      | Reached skill level 5 in Armour
 10035 | D:8      | Killed a death yak
 10040 | D:8      | Killed a death yak
 10048 | D:8      | Killed a death yak
 10049 | D:8      | Reached skill level 10 in Axes
 10049 | D:8      | Reached skill level 5 in Dodging
 10458 | D:8      | Noticed asishallab's ghost (novice DrFi)
 10494 | D:8      | Killed asishallab's ghost
 10801 | D:9      | Reached XP level 11. HP: 83/83 MP: 16/16
 10865 | D:9      | Noticed Psyche
 10866 | D:9      | Identified the +7 hand axe "Xekhluxi" {antimagic, rN+}
 10870 | D:9      | Killed Psyche
 10928 | D:9      | Your ally Psyche died
 11224 | D:10     | Entered Level 10 of the Dungeon
 11420 | D:10     | Noticed Joseph
 11432 | D:10     | Killed Joseph
 11508 | D:10     | Found a shadowy altar of Dithmenos.
 11663 | D:10     | Found a basalt altar of Yredelemnul.
 12857 | D:11     | Noticed a sixfirhy
 13011 | Lair:1   | Entered Level 1 of the Lair of Beasts
 13079 | Lair:1   | Found a dark tunnel.
 13159 | Volcano  | Entered a volcano
 13262 | Volcano  | Noticed a two-headed ogre
 13290 | Volcano  | Killed a two-headed ogre
 13291 | Volcano  | Reached skill level 11 in Axes
 13560 | Volcano  | Noticed a hell hog
 13568 | Volcano  | Killed a hell hog
 13571 | Volcano  | Slain by a salamander

Illustrated notes

Levels and vault maps discovered:
D:1:      minmay_arrival_plants_in_alcoves, layout_basic,
          shapermc_ecumenical_altar_pompeii
D:2:      layout_loops_ring, serial_co_window_serial,
          co_window_of_opportunity_a, co_window_paths_a,
          co_window_of_opportunity_a, co_window_corner_a, co_window_corner_a,
          co_window_paths_b, co_window_cross_1, co_window_2corner,
          co_window_broadway_a, co_window_2corner, co_window_of_opportunity_c,
          co_window_of_opportunity_c, co_window_paths_d, co_window_4corner_a,
          glass_columns_a, glass_columns_b, glass_columns_b, glass_columns_a
D:3:      layout_basic, amcnicky_altar_gilded, gammafunk_ghost_gnarly_gnolls,
          kennysheep_generic_room_8
D:4:      layout_gridville, okawaru_ov_weapons_minmay,
          mainiacjoe_overflow_surrounded_room, marbit_many_paths,
          minmay_stone_trees_small
D:5:      layout_basic, minmay_temple_entry_hall, serial_shops,
          nicolae_shop_stone, st_stairs_11, uniq_pikel, uniq_menkaure
D:6:      layout_basic, nicolae_ossuary_entry_plus,
          nicolae_concentric_dashed_squares_mild, hangedman_decor_opposing
D:7:      layout_rooms, nicolae_wu_jian_glorious_leap, serial_shops,
          nicolae_shop_hallway_stairs, amcnicky_mini_pool_small
D:8:      layout_cave_pools, dpeg_lair_monsters, ebering_ghost_reflecting_pool,
          grunt_tough_drop
D:9:      layout_roguey, uniq_psyche
D:10:     layout_cave_pools, mainiacjoe_overflow_swirl, uniq_joseph
D:11:     layout_irregular_city, kennysheep_generic_room_11
Temple:   regret_index_temple_generic_petals
Lair:1:   layout_hall_layers, enter_volcano_1
Volcano:  volcano_village

Skill      XL: |  1  2  3  4  5  6  7  8  9 10 11 |
---------------+----------------------------------+-----
Axes           | 2 3 4 5 7 8 10 11 | 11.1
Dodging        | 1 2 3 4 5 |  5.9
Invocations    | 1 2 4 5 6 7 8 |  8.9
Shields        | 3 4 5 6 |  6.6
Armour         | 3 4 5 |  5.9
Fighting       | 4 5 6 7 |  7.1
Stealth        | 1 |  1.2
Throwing       | |  0.4
Evocations     | |  0.3

Action                   |  1- 3 |  4- 6 |  7- 9 | 10-12 || total
-------------------------+-------+-------+-------+-------++-------
Melee: War axe           |   123 |   142 |   273 |   296 ||   834
       Tailslap          |       |    14 |    43 |    51 ||   108
Throw: Dart              |       |     3 |     4 |       ||     7
       Boomerang         |       |       |     2 |       ||     2
Invok: Dark Bargain      |       |       |       |     3 ||     3
Evoke: Wand              |       |       |     4 |     6 ||    10
  Use: Scroll            |       |     2 |     2 |     8 ||    12
       Potion            |       |       |     3 |     5 ||     8
 Stab: Distracted        |     1 |       |       |     1 ||     2
Armor: Chain mail        |    97 |    83 |    83 |   115 ||   378
       Scale mail        |     3 |       |       |       ||     3
Dodge: Dodged            |    59 |    27 |    70 |    57 ||   213
Block: Buckler           |    47 |    61 |   224 |   237 ||   569
       Reflection        |       |       |     5 |     6 ||    11
